Map: Echo LE (Void)

Players

INnoVation - Winner!

  • Race: Terran Terran
  • Spawn Location: 11:00

MasTeR

  • Race: Protoss Protoss
  • Spawn Location: 5:00

Event: NationWars IV

VOD

Have the link to the VOD?

Description

Time

  • Played on: Jan. 6, 2017, 12:28 p.m.
  • Length: 7:02
Show
View Real Time Build Order
Export as new Build Order

INnoVation Terran - Winner!

Build Orders: MMM Bio 

Get SALT Encoding   

  12  0:00  SCV  
  13  0:13  SCV  
  14  0:17  Supply Depot  
  14  0:25  SCV  
  15  0:38  SCV  
  15  0:40  Barracks  
  16  0:43  Refinery  
  16  0:50  SCV  
  17  1:02  SCV  
  18  1:15  SCV  
  19  1:27  Marine  
  19  1:28  Orbital Command  
  20  1:39  Command Center  
  20  1:46  Barracks Reactor  
  20  1:51  Supply Depot  
  21  1:54  SCV  
  21  2:04  Factory  
  21  2:08  SCV  
  22  2:20  SCV  
  22  2:22  Marine x2  
  25  2:32  SCV  
  25  2:33  Refinery  
  26  2:42  Marine x2  
  29  2:44  SCV  
  29  2:49  Starport  
  29  2:51  Orbital Command, Widow Mine  
  29  2:56  SCV  
  32  3:00  Marine x2  
  34  3:08  SCV  
  34  3:10  Barracks  
  35  3:17  SCV  
  35  3:19  Widow Mine  
  36  3:20  SCV  
  36  3:25  Medivac  
  41  3:28  Supply Depot  
  41  3:31  SCV  
  41  3:32  SCV  
  43  3:35  Marine x2  
  43  3:40  Supply Depot  
  45  3:43  SCV  
  46  3:50  SCV  
  46  3:54  Barracks  
  47  3:57  Barracks Tech Lab  
  47  3:58  Starport Tech Lab, Factory Tech Lab  
  47  4:00  Marine x2  
  49  4:04  SCV x2  
  51  4:11  Engineering Bay  
  51  4:16  SCV x2  
  53  4:18  Stimpack  
  53  4:22  Marine  
  53  4:23  Marine  
  55  4:24  Marine  
  55  4:27  Starport Reactor  
  55  4:28  SCV x2  
  58  4:33  Supply Depot  
  58  4:36  Refinery  
  58  4:42  SCV x2  
  58  4:43  Marine x2  
  62  4:45  Terran Infantry Weapons Level 1  
  62  4:48  Supply Depot  
  62  4:55  Marauder x2, SCV x2  
  62  4:56  Supply Depot  
  62  4:58  Combat Shields  
  68  5:00  Refinery  
  68  5:05  Missile Turret  
  68  5:08  SCV x2  
  68  5:12  Marine x2  
  72  5:19  Missile Turret  
  72  5:23  Marauder, Missile Turret  
  72  5:24  Marauder  
  72  5:30  Marine x2  
  73  5:40  SCV  
  73  5:41  SCV  
  74  5:45  Marauder x2, Medivac  
  74  5:47  Medivac  
  74  5:48  Marine x2  
  81  5:54  Factory Reactor  
  81  5:55  SCV x2  
  83  6:01  Supply Depot  
  83  6:04  Supply Depot  
  83  6:12  SCV x2  
  83  6:16  Marine  
  83  6:17  Concussive Shells  
  86  6:22  Marauder, Marine  
  86  6:23  Marauder  
  97  6:37  Marine  
  93  6:54  Supply Depot  
Show
View Real Time Build Order
Export as new Build Order

MasTeR Protoss 

Build Orders: 1 Gate Expand, Dark Templar Rush 

Get SALT Encoding   

  12  0:01  Probe (Chrono Boost)  
  13  0:11  Probe (Chrono Boost)  
  14  0:17  Pylon  
  14  0:22  Probe (Chrono Boost)  
  16  0:35  Probe (Chrono Boost)  
  16  0:36  Gateway  
  16  0:46  Probe (Chrono Boost)  
  16  0:47  Assimilator  
  17  0:56  Probe (Chrono Boost)  
  18  1:07  Probe (Chrono Boost)  
  19  1:18  Nexus  
  19  1:22  Probe (Chrono Boost)  
  20  1:31  Cybernetics Core  
  20  1:34  Probe (Chrono Boost)  
  21  1:40  Assimilator  
  21  1:45  Probe (Chrono Boost)  
  22  1:49  Pylon  
  22  1:55  Probe (Chrono Boost)  
  22  2:08  Mothership Core (Chrono Boost)  
  24  2:10  Stalker  
  26  2:16  Warp Gate  
  26  2:26  Probe (Chrono Boost)  
  27  2:30  Probe (Chrono Boost)  
  27  2:37  Probe (Chrono Boost)  
  29  2:41  Probe (Chrono Boost), Robotics Facility  
  30  2:47  Probe (Chrono Boost)  
  30  2:50  Stalker  
  33  2:51  Probe (Chrono Boost)  
  33  2:58  Probe (Chrono Boost)  
  35  3:02  Probe (Chrono Boost)  
  36  3:08  Probe (Chrono Boost)  
  36  3:09  Twilight Council  
  38  3:13  Probe (Chrono Boost)  
  38  3:19  Probe (Chrono Boost)  
  39  3:21  Gateway  
  39  3:29  Probe (Chrono Boost), Gateway  
  39  3:30  Observer  
  39  3:32  Probe (Chrono Boost)  
  42  3:37  Pylon  
  42  3:40  Probe (Chrono Boost)  
  43  3:44  Probe (Chrono Boost)  
  44  3:49  Dark Shrine  
  44  3:52  Probe (Chrono Boost)  
  44  3:54  Assimilator  
  46  3:56  Probe (Chrono Boost), Assimilator  
  47  4:04  Warp Prism, Probe (Chrono Boost), Pylon  
  47  4:09  Probe (Chrono Boost)  
  50  4:16  Probe (Chrono Boost)  
  51  4:21  Stalker  
  51  4:22  Stalker  
  56  4:25  Probe (Chrono Boost)  
  55  4:38  Probe (Chrono Boost)  
  55  4:44  Nexus  
  54  4:48  Probe (Chrono Boost)  
  54  4:50  Probe (Chrono Boost)  
  56  4:54  Pylon  
  57  5:00  Probe (Chrono Boost)  
  57  5:03  Probe (Chrono Boost)  
  57  5:06  Dark Templar x2  
  60  5:23  Probe (Chrono Boost)  
  60  5:25  Probe (Chrono Boost)  
  62  5:42  Stalker x3  
  64  5:43  Immortal  
  64  5:45  Probe x2 (Chrono Boost)  
  70  5:53  Pylon  
  70  5:54  Pylon  
  68  6:01  Gateway  
  68  6:02  Gateway  
  68  6:05  Gateway  
  68  6:08  Probe x2 (Chrono Boost)  
  70  6:13  Sentry x2  
  70  6:15  Stalker  
  70  6:16  Probe (Chrono Boost)  
  77  6:21  Gateway  
  81  6:39  Stalker  
  73  6:40  Stalker x2  
  73  6:50  Probe x2 (Chrono Boost)  
Tags
 
Add a new tag
Caveats
  • Supply blocks, unpowered buildings, or Contaminate may cause inaccurate times.
  • Supply counts are checked every 10 seconds.